← All builds
Front / Armada / Economy first / OBSERVED BUILD

Stout rush

Armada Front build order · Supreme Isthmus

A T1 vehicle assault built around early Stout tanks from the Vehicle Plant starting 4:33, reaching the middle well ahead of the norm and sometimes pushing into the enemy base before settling into the standard later mix.

#rush #raid · 62 distinct matches · 32 players · 2% of Armada Front games · team won 47% of 62 · Recently observed

THE CATCH, AND WHAT COMES WITH IT
  • StoutT1 vehicle assault from 4:33 · 9% of role by thenFrom the Vehicle Plant. Only 9% of Front games have it by then; others who build it get it around 6:14
  • StoutStout in 71%3% of all Front games by then

Where those units first fight, in 59 games with kill data: in the middle 97%.

Those units destroy a typical 1,064 metal of enemy units by 15:00.

Then transitions into blitz (12% of army), janus (11% of army).

HOW TO PLAY IT

Key timing: Stout push by 4:58

  1. Rush an early Vehicle Plant well ahead of role norm.
  2. Finish the Vehicle Plant almost immediately.
  3. Push out early Stout tanks to fight in the middle.
  4. Keep feeding Stout tanks as the main army.
  5. Reclaim the Vehicle Plant and transition toward Bot Lab tech.

Phase by phase

TYPICAL OF ITS 62 GAMES · AGAINST STANDARD FRONT
  1. 1
  2. 2
  3. 3
PLAY THE OPENING

Follow the example game's first 6:00 step by step: what to build now, what comes next, and where it goes. At 1× it keeps pace with your own game.

  1. 1

    Up to the Vehicle Plant

    Economy
    • Metal Extractor2Mex
    Order
    1. Vehicle PlantVehicle Plant after 2 mexdone ~0:42, middle half 0:35–0:48

    Some games also: wind (45%)

    By 0:23 in all: 2 mex

    The example game in this phase · 3 steps
    1. Mex ×2
    2. Solar
    3. Vehicle PlantVehicle Plantdone 0:44 · typical 0:42
  2. 2

    Vehicle Plant to T1 vehicle assault

    Economy
    • Metal Extractor4Mex
    • Wind Turbine2Wind
    Order
    1. StoutT1 vehicle assault after 6 mex, 3 wind
    Builders
    • Construction Vehicle3 Con vehicle +3 vs standard
    Army
    • Sentry1 Sentry
    • Rover3 Scout +3 vs standard
    • Janus3 Janus +3 vs standard
    • Blitz2 Blitz +2 vs standard

    The standard build makes here, this one skips: 4 rocketeer

    By 4:11 in all: 6 mex · 3 wind

    The example game in this phase · 10 steps
    1. Construction VehicleCon vehicle
    2. Wind
    3. RoverScout
    4. Mex
    5. BlitzBlitz
    6. Wind
    7. RoverScout
    8. Wind
    9. Construction VehicleCon vehicle
    10. StoutStoutdone 1:51
  3. 3

    T1 vehicle assault to 10:00

    Economy
    • Metal Extractor1Mex
    • Wind Turbine10Wind−8 vs standard
    • Energy Storage1Energy storage
    Builders
    • Construction Turret1 Con turret
    Army
    • Sentry2 Sentry
    • Stout11 Stout +11 vs standard

    Some games also: con vehicle (47%) · converter (45%) · Radar Tower (35%) · Beamer (34%) · Dragon's Teeth (31%) · eat Vehicle Plant (34%)

    By 10:00 in all: 7 mex · 18 wind · 1 energy storage · 2 con turret

    The example game in this phase · 125 steps
    1. Mex
    2. JanusJanus
    3. SentrySentry
    4. Mex
    5. JanusJanus
    6. Mex
    7. StoutStout
    8. Mex
    9. SentrySentry ×2
    10. JanusJanus
    11. SentrySentry
    12. JanusJanus
    13. SentrySentry
    14. StoutStout
    15. SentrySentry
    16. StoutStout
    17. JanusJanus ×2
    18. SentrySentry ×3
    19. ShellshockerArty
    20. SentrySentry
    21. Construction VehicleCon vehicle ×2
    22. Twilight
    23. BlitzBlitz ×4
    24. Mex
    25. BlitzBlitz
    26. SentrySentry
    27. Mex
    28. BlitzBlitz
    29. SentrySentry
    30. Mex
    31. SentrySentry
    32. BlitzBlitz
    33. Advanced Metal ExtractorT2 mexdone 9:22 · typical 9:21
    34. BlitzBlitz ×2
    35. Mex
    36. BlitzBlitz ×3
    37. Con turret
    38. BlitzBlitz
    39. Radar TowerRadar Tower
    40. Construction VehicleCon vehicle
    41. SentrySentry ×2
    42. Advanced Metal ExtractorT2 mex
    43. SentrySentry
    44. BlitzBlitz
    45. Wind
    46. Con turret
    47. Advanced Metal ExtractorT2 mex
    48. SentrySentry
    49. Wind
    50. SentrySentry
    51. Wind ×4
    52. BlitzBlitz
    53. Wind ×2
    54. BlitzBlitz
    55. Wind ×3
    56. BlitzBlitz
    57. Solar
    58. Wind ×2
    59. BlitzBlitz
    60. Solar
    61. Wind
    62. Tidal
    63. BlitzBlitz
    64. Bot LabBot Labdone 13:41
    65. Wind ×2
    66. Advanced Metal ExtractorT2 mex
    67. Con turret
    68. BlitzBlitz
    69. Tidal
    70. Wind ×2
    71. Con turret
    72. BlitzBlitz
    73. Wind
    74. BlitzBlitz
    75. Wind
    76. Con turret
    77. Wind ×2
    78. Bot LabBot Labdone 14:10
    79. BlitzBlitz
    80. Wind
    81. PawnPawn
    82. Con turret
    83. PawnPawn
    84. Wind
    85. Con turret
    86. BlitzBlitz
    87. PawnPawn ×2
    88. Wind
    89. PawnPawn ×2
    90. Wind
    91. BlitzBlitz
    92. PawnPawn
    93. Energy storage
    94. PawnPawn
    95. GruntGrunt
    96. PawnPawn
    97. Wind
    98. PawnPawn ×2
    99. BlitzBlitz
    100. Con turret
    101. Con turret
    102. PawnPawn ×2
    103. GruntGrunt
    104. PawnPawn
    105. Wind
    106. PawnPawn
    107. Twin GuardTwin Guard
    108. PawnPawn
    109. BlitzBlitz
    110. PawnPawn
    111. Wind
    112. PawnPawn
    113. Wind
    114. GruntGrunt
    115. PawnPawn ×2
    116. BlitzBlitz
    117. PawnPawn
    118. Wind
    119. PawnPawn ×2
    120. Wind
    121. PawnPawn ×2
    122. GruntGrunt
    123. Advanced Metal ExtractorT2 mex
    124. BlitzBlitz
    125. PawnPawn ×2

Counts are medians over the build's games: half of them build more, half fewer. The example game is Kharis's (46 OS, 13/10/2026); pick another.

Team trades

IN AT LEAST 30% OF ITS GAMES

You hand over

Nothing regular.

You get

  • Tidal Generator4 Tidal from Pondfirst at 0:18 · in 71% of games
  • Advanced Construction Bot1 T2 con bot from Geo or Techfirst at 7:20 · in 60% of games

How it plays out

Typical game of this build against the role’s standard build, running totals by minute

  • This build
  • Standard front

Metal produced

010k20k30k
0:005:0010:0015:00

metal

Enemy metal destroyed

05k10k
0:005:0010:0015:00

metal

Own metal lost

05k10k
0:005:0010:0015:00

metal

62 games.

Show as table
ByMetal produced: This buildMetal produced: Standard frontEnemy metal destroyed: This buildEnemy metal destroyed: Standard frontOwn metal lost: This buildOwn metal lost: Standard front
1:003323330000
2:0081284037213131
3:0016271618134135124108
4:0027132700455522316333
5:00382338478991128711787
6:00500950351611192812001428
7:00624162502229272021702303
8:00749775352770354628783173
9:00874489733347433037964071
10:0010321105423844501145494810
11:0011997123754700554056005548
12:0014457145285077599860076409
13:0016606168595432647063997001
14:0019121192175790718671637827
15:0022118218496139787087798694
WHAT THE NUMBERS SAY

Won much less often than the standard build and destroyed less enemy metal despite similar losses, a losing rush.

  • + Metal production stays basically level with standard through 15:00.
  • − Team win rate falls sharply (31% vs 62% standard).
  • − Enemy metal destroyed trails standard at both 10:00 and 15:00.
THE EXAMPLE YOU ARE READING

Kharis

46.4 OS · 13/10/2026

Open source match ↗

54 received units · includes a constructor
177 metal received · 33373 energy received

Allied construction assistance is unknown. Timings are observations, not a promise of solo reproducibility.

Typical milestones

Vehicle Plant0:42Middle 50%: 0:35–0:48 · n=62
Advanced Metal Extractor9:21Middle 50%: 8:15–10:19 · n=52

Played most by

TheGeneraI13games of this buildVaticineur9games of this buildImmort6games of this buildRosie3games of this buildBigJohnny22games of this build